 Dungeon Crawl Stone Soup version 0.18-a0-1628-g61c6396 (webtiles) character file.

126 namename2 the Ruffian (level 5, 0/41 HPs)
             Began as a Ghoul Gladiator on Mar 25, 2016.
             Was a Follower of Makhleb.
             Slain by a sky beast (5 damage)
             ... on level 3 of the Dungeon.
             The game lasted 00:04:48 (2100 turns).

namename2 the Ruffian (Ghoul Gladiator)             Turns: 2100, Time: 00:04:49

Health: 0/41       AC:  4    Str: 19    XL:     5   Next: 9%
Magic:  4/4        EV: 12    Int:  3    God:    Makhleb [*.....]
Gold:   77         SH:  0    Dex: 10    Spells: 0 memorised, 4 levels left

rFire  . . .     SeeInvis .       - Unarmed
rCold  + . .     Gourm    .     a - +0 leather armour
rNeg   + + +     Faith    .     (no shield)
rPois  ∞         Spirit   .     b - +0 helmet
rElec  .         Dismiss  .     (no cloak)
rCorr  .         Reflect  .     (no gloves)
SustAt .         Harm     .     (no boots)
MR     .....                    (no amulet)
Stlth  +.........               (no ring)
                                (no ring)

@: rotting, not resistant to hostile enchantments, very unstealthy
A: rotting body, claws 1, carnivore 3, cold resistance 1, negative energy
resistance 3, slow regeneration 1, torment resistance, unbreathing
a: Renounce Religion


You were on level 3 of the Dungeon.
You worshipped Makhleb.
Makhleb was aware of your devotion.
You were not hungry.

You visited 1 branch of the dungeon, and saw 3 of its levels.

You collected 77 gold pieces.

Inventory:

Missiles
 g - 86 stones (quivered)
 k - 41 poisoned needles
Armour
 a - a +0 leather armour (worn)
 b - a +0 helmet (worn)
Scrolls
 f - a scroll of enchant weapon {unknown}
 h - 2 scrolls of recharging {unknown}
 i - a scroll of enchant armour {unknown}
 j - a scroll of noise {unknown}
 m - a scroll of magic mapping {unknown}
 n - 3 scrolls of identify {unknown}
 p - 2 scrolls of teleportation {unknown}
 s - a scroll of remove curse {unknown}
 t - a scroll of fog {unknown}
 w - a scroll of amnesia {unknown}
Potions
 e - 2 potions of flight {unknown}
 o - 2 potions of invisibility {unknown}
 r - a potion of ambrosia {unknown}
 u - a potion of cancellation {unknown}
Comestibles
 d - a meat ration
 l - a slice of pizza
 q - a beef jerky
 v - a chunk of flesh


   Skills:
 - Level 2.1 Fighting
 - Level 1.7 Throwing
 - Level 2.6 Dodging
 + Level 6.2 Unarmed Combat


You had 4 spell levels left.
You didn't know any spells.

Dungeon Overview and Level Annotations

Branches:
Dungeon (3/15)

Altars:
Makhleb


Innate Abilities, Weirdness & Mutations

Your body is rotting away.
You thrive on raw meat.
You are immune to poison.
You have sharp fingernails.
You are carnivorous and can eat meat at any time.
Your flesh is cold resistant.
You are immune to negative energy.
You regenerate slowly when monsters are visible.
You are immune to unholy pain and torment.
You can survive without breathing.


Message History

Okay, then.
A sky beast appears from thin air!
Reactivating autopickup.
Throwing (i - inventory. (,) - cycle):
c - 2 throwing nets (quivered)
Press: ? - help, Shift-Dir - straight line, f/p - sky beast
Aim: a sky beast (severely wounded)
You throw a throwing net.
The throwing net closely misses the sky beast.
The sky beast hits you.
* * * LOW HITPOINT WARNING * * *
The sky beast shocks you.
* * * LOW HITPOINT WARNING * * *
Throwing (i - inventory. (,) - cycle):
c - a throwing net (quivered)
Press: ? - help, Shift-Dir - straight line, f/p - sky beast
Aim: a sky beast (severely wounded)
You throw a throwing net. The throwing net misses the sky beast.
The sky beast hits you.
* * * LOW HITPOINT WARNING * * *
The sky beast shocks you.
You die...

#......(≈.#.#.#.###.#.#.#
.......##.#.#...........# #
##..... #.# #.#.........#
.### #..... #.#
#######.#.#.#.....
########## #.#
.......[......# #.......#
#.######..#...#.##....
#.####### #.#.............#
...
#.##########.#[#....8..÷####
#. #..............#@..8.8..#
############.#.#Y.8._.8.#
#.###...8.8..#
#....(...8.......
######........### ######...#
#####


You could see a sky beast.

Vanquished Creatures
  An iguana (D:3)
  5 adders (D:2)
  A worm (D:2)
  2 dart slugs
  2 giant geckos (D:1)
  7 bats
  2 giant cockroaches (D:1)
  5 goblins
  7 hobgoblins
  3 giant newts
  7 kobolds
  6 rats
48 creatures vanquished.

Notes
Turn   | Place    | Note
--------------------------------------------------------------
     0 | D:1      | namename2 the Ghoul Gladiator began the quest for the Orb.
     0 | D:1      | Reached XP level 1. HP: 17/17 MP: 0/0
   193 | D:1      | Reached XP level 2. HP: 24/24 MP: 1/1
   233 | D:1      | Reached skill level 4 in Unarmed Combat
   812 | D:1      | Reached XP level 3. HP: 29/29 MP: 2/2
  1159 | D:2      | Reached skill level 5 in Unarmed Combat
  1224 | D:2      | Reached XP level 4. HP: 36/36 MP: 3/3
  1252 | D:2      | Found a burning altar of Makhleb.
  1258 | D:2      | Became a worshipper of Makhleb the Destroyer
  1981 | D:3      | Reached skill level 6 in Unarmed Combat
  1981 | D:3      | Reached XP level 5. HP: 37/41 MP: 4/4
  2005 | D:3      | Found a faded altar to an unknown god.
  2010 | D:3      | Reached * piety under Makhleb
  2064 | D:3      | Noticed a sky beast
  2100 | D:3      | Slain by a sky beast

Vault maps used:
D:1:      dpeg_arrival_sounds_slurp, minivault_14, minmay_misc_feat_cross,
          solitary_fountain
D:2:      old_standard_altar, minmay_misc_feat_encased
D:3:      ecumenical_altar_2, lightli_corner_chamber

Skill      XL: |  1  2  3  4 |
---------------+-------------+-----
Unarmed Combat | 4 5 6 |  6.2
Fighting       | |  2.1
Throwing       | |  1.7
Dodging        | |  2.6

Action                   |  1- 3 |  4- 6 || total
-------------------------+-------+-------++-------
Melee: Unarmed           |    72 |    80 ||   152
Throw: Throwing net      |       |     3 ||     3
  Eat: Chunk             |     7 |     7 ||    14
